Map: Cyber Forest LE

Players

thejerk - Winner!

  • Race: Terran Terran
  • League: Platinum
  • Spawn Location: 5:00

Descending

  • Race: Zerg Zerg
  • League: Platinum
  • Spawn Location: 11:00

VOD

Have the link to the VOD?

Description

Time

  • Played on: Aug. 8, 2019, 5:42 p.m.
  • Length: 8:27
Show
View Real Time Build Order
Export as new Build Order

thejerk Terran - Winner!

Build Orders:  

Get SALT Encoding   

  12  0:00  SCV  
  13  0:13  SCV  
  14  0:17  Supply Depot  
  14  0:25  SCV  
  15  0:39  SCV  
  15  0:40  Engineering Bay  
  16  0:51  Barracks  
  16  0:58  SCV  
  17  1:04  Refinery  
  17  1:10  SCV  
  18  1:23  SCV  
  18  1:24  Refinery  
  19  1:35  SCV  
  19  1:38  Marine  
  22  1:47  Bunker, SCV  
  22  1:55  Supply Depot  
  22  1:56  Marine  
  23  2:02  Orbital Command  
  23  2:13  Factory  
  23  2:19  Marine  
  24  2:31  Barracks  
  24  2:45  Marine  
  24  2:49  SCV  
  26  3:02  SCV  
  26  3:03  Marine  
  28  3:06  Widow Mine  
  28  3:07  Starport  
  30  3:14  SCV  
  30  3:15  Supply Depot  
  31  3:36  Marine x2, Supply Depot  
  31  3:40  Supply Depot  
  33  3:49  Fusion Core  
  33  4:29  Bunker  
  33  4:31  Marine  
  34  4:36  Starport Tech Lab  
  34  4:37  Weapon Refit  
  34  4:42  Command Center  
  34  4:45  Barracks  
  34  4:48  Marine, Barracks  
  35  4:55  Marine  
  36  5:06  Marine  
  37  5:13  Marine  
  38  5:16  Battlecruiser  
  44  5:44  Barracks Tech Lab  
  44  5:45  Barracks Reactor  
  44  5:50  SCV  
  44  5:54  Supply Depot  
  44  5:55  Orbital Command  
  45  6:20  Battlecruiser  
  51  6:33  Orbital Command  
  51  6:34  Marauder  
  51  6:35  Marine x2  
  55  6:48  Bunker  
  55  6:51  Bunker  
  55  6:55  Marauder  
  55  7:00  Factory Tech Lab  
  55  7:09  Marine  
  56  7:16  Marauder  
  58  7:32  Marine x3  
  61  7:38  Marauder  
  63  7:50  Marine x3  
  66  7:59  Marauder  
  68  8:08  Marine  
Show
View Real Time Build Order
Export as new Build Order

Descending Zerg 

Build Orders: Pool First 

Get SALT Encoding   

  12  0:01  Drone  
  13  0:13  Overlord  
  13  0:16  Drone  
  14  0:31  Drone x2  
  16  0:52  Drone  
  16  0:56  Spawning Pool  
  16  1:16  Drone  
  16  1:17  Hatchery, Extractor  
  16  1:18  Drone  
  16  1:26  Drone  
  17  1:35  Drone  
  17  1:38  Drone  
  19  1:45  Queen  
  21  1:51  Spine Crawler  
  20  1:55  Overlord  
  20  2:07  Drone  
  21  2:17  Zergling x2  
  22  2:25  Zergling x2  
  23  2:30  Lair  
  23  2:49  Overlord x2  
  23  2:53  Zergling x6  
  26  3:03  Spine Crawler  
  25  3:10  Drone x2  
  25  3:11  Roach Warren  
  25  3:19  Drone  
  24  3:44  Hatchery  
  24  3:47  Queen  
  25  3:54  Evolution Chamber  
  25  3:55  Drone  
  25  3:56  Drone  
  25  4:15  Roach x3  
  27  4:52  Hatchery  
  27  5:07  Zerg Missile Weapons Level 1  
  27  5:09  Drone x3  
  27  5:11  Glial Reconstitution  
  27  5:13  Overlord  
  30  5:40  Hatchery  
  30  5:41  Drone  
  30  5:43  Drone  
  30  5:48  Spore Crawler  
  30  5:49  Drone x2  
  32  5:53  Spore Crawler, Overlord  
  35  6:18  Hatchery, Roach x4  
  35  6:24  Drone  
  39  6:46  Hatchery  
  38  6:51  Extractor  
  33  7:09  Overlord x2  
  33  7:19  Queen  
  33  7:36  Spore Crawler  
  32  7:37  Overlord x2  
  32  7:44  Overlord  
  32  7:57  Spore Crawler  
  27  8:08  Roach  
Tags
 
Add a new tag
Caveats
  • Supply blocks, unpowered buildings, or Contaminate may cause inaccurate times.
  • Supply counts are checked every 10 seconds.